 Dungeon Crawl Stone Soup version 0.30.1 (webtiles) character file.

Game seed: 1483177252662054362

44 Fodor the Covered (level 3, 0/33 HPs)
             Began as a Minotaur Fighter on July 10, 2023.
             Slain by a cerulean imp
             ... wielding a +1 spear
             ... summoned by Natasha
              (3 damage)
             ... on level 2 of the Dungeon.
             The game lasted 00:07:08 (1301 turns).

Fodor the Covered (Minotaur Fighter)                Turns: 1301, Time: 00:07:08

Health: 0/33       AC:  9    Str: 22    XL:     3   Next: 41%
Magic:  2/2        EV:  8    Int:  5    God:
Gold:   83         SH:  4    Dex:  9    Spells: 2/2 levels left

rFire   . . .        a - +0 long sword
rCold   . . .        c - +0 buckler
rNeg    . . .        h - +0 chain mail
rPois   .            (helmet restricted)
rElec   .            (no cloak)
rCorr   .            (no gloves)
SInv    .            (no boots)
Will    .....        (no amulet) Stlth
                     (no ring)
HPRegen 0.25/turn    (no ring)
MPRegen 0.08/turn

%: no passive effects
@: mighty
A: horns 2, retaliatory headbutt
a: no special abilities


You were on level 2 of the Dungeon.
You visited 1 branch of the dungeon, and saw 2 of its levels.

You collected 83 gold pieces.

Inventory:

Hand Weapons
 a - a +0 long sword (weapon)
Missiles
 f - 6 atropa-tipped darts (quivered)
Armour
 c - a +0 buckler (worn)
 h - a +0 chain mail (worn)
Scrolls
 g - a scroll of identify
Potions
 i - a potion of flight {unknown}


   Skills:
 + Level 4.0 Fighting
 + Level 3.4 Long Blades
 + Level 4.2 Armour
 + Level 3.9 Shields


You had 2 spell levels left.
You didn't know any spells.
Your spell library was empty.

Dungeon Overview and Level Annotations

Branches:
Dungeon (2/15)

Altars:

Shops:
D:1 =

Annotations:
D:2 Natasha


Innate Abilities, Weirdness & Mutations

You have a pair of horns on your head.
You reflexively headbutt those who attack you in melee.


Message History

* * * LOW HITPOINT WARNING * * *
The cerulean imp hits you with a +1 spear.
* * * LOW HITPOINT WARNING * * *
You block Natasha's attack.
As you read the scroll labelled DOBA JUDGHAENA, it crumbles to dust.
It is a scroll of amnesia.
You feel forgetful for a moment.
The cerulean imp hits you with a +1 spear.
* * * LOW HITPOINT WARNING * * *
Natasha claws you.
* * * LOW HITPOINT WARNING * * *
You block the cerulean imp's attack.
Natasha stares at you and mumbles some strange words.
The magic dart hits you but does no damage.
Unknown command.
As you read the scroll labelled GISULU EMAGIU, it crumbles to dust.
It is a scroll of identify.
e - a potion of heal wounds You feel yourself speed up.
Natasha claws you but does no damage.
The cerulean imp hits you but does no damage.
You feel much better. You block the cerulean imp's attack.
Natasha casts a spell at you. The magic dart hits you.
You feel very mighty all of a sudden.
The cerulean imp hits you but does no damage.
Natasha claws you.
You hit Natasha. Your headbutt misses Natasha.
Natasha is almost dead.
The cerulean imp hits you with a +1 spear.
Natasha claws you.
* * * LOW HITPOINT WARNING * * *
The cerulean imp hits you with a +1 spear.
* * * LOW HITPOINT WARNING * * *
Natasha claws you but does no damage.
You barely miss Natasha. Your headbutt misses Natasha.
Natasha is almost dead.
Natasha mumbles some strange words.
The cerulean imp hits you with a +1 spear.
You die...

#####........#
.........<...####.#####
#####.................##
#........#.........#
#####...................
#..........#.#..........
#..........#.$...5......
#..........###...5......
#........)......@h..#
#..........#######......
#..........# ####.
...#...##### #..#...#
#..#...## #..##...#
#####...## ##...##


You could see Natasha and 2 cerulean imps.

Vanquished Creatures
  A worm (D:2)
  A dart slug (D:1)
  A ball python (D:1)
  8 endoplasms
  5 giant cockroaches (D:1)
  3 goblins (D:1)
  A hobgoblin (D:1)
  2 jackals (D:1)
  3 kobolds (D:1)
  A quokka (D:1)
  A bat (D:1)
  2 frilled lizards (D:1)
  6 rats (D:1)
35 creatures vanquished.

Notes
Turn   | Place    | Note
-------+----------+-------------------------------------------
     0 | D:1      | Fodor the Minotaur Fighter began the quest for the Orb.
     0 | D:1      | Reached XP level 1. HP: 19/19 MP: 0/0
     1 | D:1      | Found a runed translucent door.
   128 | D:1      | Found Memuej's Jewellery Boutique.
   330 | D:1      | Reached XP level 2. HP: 27/27 MP: 1/1
  1031 | D:1      | Reached XP level 3. HP: 33/33 MP: 2/2
  1285 | D:2      | Noticed Natasha
  1301 | D:2      | Slain by a cerulean imp

Illustrated notes

Levels and vault maps discovered:
D:1:      dpeg_arrival_caged_fury, layout_basic, serial_shops,
          nicolae_shop_tiny_glass, chequers_avenue, minmay_misc_feat_chi
D:2:      layout_basic, serial_curves, eino_curves_02, eino_curves_02,
          dilly_ecumenical_altar_fadedgnrine, kennysheep_big_empty_room,
          uniq_natasha

Skill      XL: |  1  2 |
---------------+-------+-----
Fighting       | 4 |  4.0
Armour         | 4 |  4.2
Long Blades    | 3 |  3.4
Shields        | |  3.9

Action                     || total
---------------------------++-------
  Melee: Long sword        ||    92
         Headbutt          ||     8
    Use: Scroll            ||     2
         Potion            ||     2
 Armour: Scale mail        ||     6
         Chain mail        ||    57
  Dodge: Dodged            ||    43
  Block: Buckler           ||    25
